Description

Standard RFE; Reaper Hellion to scout; Raven Tanks for defense / Stim timing / Raven harass. 3/1/1 before 3CC.

Replay - 20200907 SC2GTC Week4 DPG.PartinG VS KZG.INnoVation 0-2 永恒梦境

Build Order

Get SALT Encoding   

  12  0:00  SCV  
  13  0:12  SCV  
  14  0:16  Supply Depot  
  14  0:24  SCV  
  15  0:38  SCV  
  15  0:39  Barracks  
  16  0:43  Refinery  
  16  0:50  SCV  
  17  1:02  SCV  
  18  1:14  SCV  
  19  1:26  Reaper, Orbital Command  
  20  1:49  Command Center  
  20  1:54  Supply Depot, SCV  
  21  1:58  Marine  
  22  2:06  SCV  
  23  2:09  Factory  
  23  2:19  SCV  
  23  2:20  Bunker  
  23  2:21  Barracks Reactor  
  24  2:27  Refinery  
  26  2:54  Hellion  
  26  2:55  Starport  
  29  2:58  Marine  
  31  3:16  Factory Tech Lab  
  31  3:19  Marine x2  
  33  3:20  Orbital Command  
  34  3:37  Marine x2  
  36  3:42  Factory Tech Lab, Raven  
  36  3:48  Supply Depot, Barracks  
  41  3:57  Marine  
  44  4:08  Siege Tank  
  44  4:09  Barracks  
  46  4:12  Supply Depot  
  46  4:15  Marine x2  
  50  4:21  Refinery  
  50  4:31  Engineering Bay  
  52  4:36  Marine  
  56  4:38  Supply Depot  
  56  4:41  Siege Tank  
  58  4:47  Stimpack  
  61  5:03  Terran Infantry Weapons Level 1  
  65  5:11  Starport Reactor  
  66  5:20  Marauder x2  
  71  5:30  Refinery, Factory Reactor  
  71  5:32  Combat Shield  
  75  5:43  Marauder x2  
  79  5:54  Medivac  
  83  6:01  Medivac  
  87  6:08  Marauder x2  
  94  6:11  Widow Mine x2  
  98  6:27  Concussive Shells  
  98  6:31  Command Center  
  98  6:34  Medivac x2  
  102  6:40  Marauder x2  
  109  6:57  Factory Tech Lab  
  109  7:01  Barracks x2  
  109  7:04  Marauder x2  
  115  7:14  Medivac x2  
  116  7:18  Terran Infantry Armor Level 1  
  112  7:45  Orbital Command  
  67  7:51  Viking x2  
  126  8:13  Orbital Command  
  133  8:21  Viking x2  
  128  8:53  Viking  
  128  8:59  Viking  
  139  9:28  Medivac x2  
Spawning Tool Build Advisor. Get it on Overwolf

Go to:

Details

  • Created by: Zarmoxis
  • Published on: Sep 16, 2020
  • Modified on: Sep 16, 2020
  • Patch: 4.11.0
  • Difficulty: Medium
Show
View Real Time Build Order
Export as new Build Order

Comments (0)

There are no comments. Be the first!

Create an account to comment!